 Dungeon Crawl Stone Soup version 0.30.0-19-g36f170ea60 (webtiles) character file.

Game seed: 11639517051611463108

43 Du3lingdragon the Chopper (level 3, -4/33 HPs)
             Began as a Hill Orc Cinder Acolyte on May 27, 2023.
             Was a High Priest of Ignis.
             Slain by a gnoll
             ... wielding a +0 flail
              (8 damage)
             ... on level 2 of the Dungeon.
             The game lasted 00:05:56 (1272 turns).

Du3lingdragon the Chopper (Hill Orc Cinder Acolyte) Turns: 1272, Time: 00:05:56

Health: -4/33      AC:  5    Str: 18    XL:     3   Next: 58%
Magic:  5/5        EV: 10    Int: 14    God:    Ignis [*****.]
Gold:   64         SH:  0    Dex:  6    Spells: 3/5 levels left

rFire   + . .        a - -1 hand axe (flame)
rCold   . . .        (no shield)
rNeg    . . .        f - +0 ring mail
rPois   .            (no helmet)
rElec   .            (no cloak)
rCorr   .            (no gloves)
SInv    .            (no boots)
Will    .....        (no amulet) Stlth
                     (no ring)
HPRegen 0.25/turn    (no ring)
MPRegen 0.09/turn

%: no passive effects
@: no status effects
A: no striking features
a: Renounce Religion, Fiery Armour, Foxfire Swarm, Rising Flame


You were on level 2 of the Dungeon.
You worshipped Ignis.
Ignis was extremely pleased with you.
You visited 1 branch of the dungeon, and saw 2 of its levels.

You collected 64 gold pieces.

Inventory:

Hand Weapons
 a - a -1 hand axe of flaming (weapon)
Armour
 f - a +0 ring mail (worn)
Scrolls
 b - a scroll of fear {unknown}
 c - a scroll of teleportation {unknown}
 d - a scroll of identify {unknown}
 g - 2 scrolls of enchant armour {unknown}
 i - a scroll of silence {unknown}
 k - a scroll of enchant weapon {unknown}
Potions
 e - a potion of cancellation {unknown}
 h - a potion of curing {unknown}
 j - a potion of brilliance {unknown}


   Skills:
 + Level 4.0 Fighting
 + Level 4.4 Axes
 + Level 0.3 Armour
 * Level 1.5 Spellcasting
 * Level 3.8 Fire Magic


You had 3 spell levels left.
You knew the following spells:

 Your Spells              Type           Power      Damage    Failure   Level
a - Scorch                Fire           22%        2d6       14%         2

Your spell library contained the following spells:

 Spells                   Type           Power      Damage    Failure   Level


Dungeon Overview and Level Annotations

Branches:
Dungeon (2/15)

Altars:
Cheibriados

Annotations:
D:2 Terence


Message History

Okay, then.
Found 5 stones.
You now have 50 gold pieces (gained 6).
You open the door.
Found a stone staircase leading down.
There is an open door here.
You now have 64 gold pieces (gained 14).
j - a red potion
Found an escape hatch in the floor.
Found a mace.
k - a scroll labelled VOIMU DATYEFAO
Found a robe.
You see here a +0 robe.
You see here a +0 robe.
A rat comes into view.
A rat is nearby! 3 gnolls come into view.
The gnoll shouts! x3; You hear a shout!
Terence the Incautious comes into view.
He is wielding a +0 flail.
The rat bites you but does no damage. Terence looks scornfully at you.
A ball python comes into view.
You closely miss the rat.
The ball python hisses angrily.
You punch the rat.
You kill the rat!
The gnoll hits you with a +0 spear. The gnoll attacks as you move away!
The gnoll hits you with a +0 spear.
The gnoll hits you from afar with a +0 spear.
Okay, then.
You hit the gnoll but do no damage. The gnoll hits you with a +0 flail!
You are too injured to fight recklessly!
The gnoll attacks as you move away! The gnoll completely misses you.
Terence says, "How do you enjoy it?" The gnoll attacks as you move away!
The gnoll hits you with a +0 flail! The gnoll attacks as you move away!
The gnoll hits you with a +0 flail!
* * * LOW HITPOINT WARNING * * *
The gnoll attacks as you move away! The gnoll closely misses you.
The gnoll attacks as you move away! The gnoll hits you with a +0 flail!
You die...

....g.g†....# #<.
######..g..S..# #..
###...######.#### #..
#.......@.ggS# #..
#.#...######## #.. #.#...#
#.. #.#..g########## ##..
#.####.@.......# .... #.#
#...g@..>.# .... #.#
#.........# .... #[#
#.........# .. #.#
#.........############ #.#
#.........#<..........
#.####.........############
#..........................
######)........############
###########


You could see Terence and 2 gnolls.

Vanquished Creatures
  3 dart slugs (D:1)
  4 endoplasms
  4 giant cockroaches (D:1)
  2 goblins (D:1)
  4 hobgoblins
  4 ball pythons (D:1)
  3 bats (D:1)
  3 frilled lizards (D:1)
  4 kobolds
  4 rats
35 creatures vanquished.

Notes
Turn   | Place    | Note
-------+----------+-------------------------------------------
     0 | D:1      | Du3lingdragon the Hill Orc Cinder Acolyte began the quest
                  | for the Orb.
     0 | D:1      | Reached XP level 1. HP: 19/19 MP: 2/2
   137 | D:1      | Reached XP level 2. HP: 18/27 MP: 3/3
   418 | D:1      | Learned a level 2 spell: Scorch
   580 | D:1      | Reached XP level 3. HP: 33/33 MP: 5/5
  1079 | D:2      | Found a snail-covered altar of Cheibriados.
  1251 | D:2      | Noticed Terence
  1272 | D:2      | Slain by a gnoll

Illustrated notes

Levels and vault maps discovered:
D:1:      shiori_arrival_maze, layout_loops_ring, minmay_misc_feat_columns,
          kennysheep_pointless_box, minmay_misc_feat_square
D:2:      layout_basic, basic_altar, uniq_terence

Skill      XL: |  1  2  3 |
---------------+----------+-----
Fighting       | 4 |  4.0
Axes           | |  4.4
Armour         | |  0.3
Spellcasting   | |  1.5
Fire Magic     | |  3.8

Action                     || total
---------------------------++-------
  Melee: Hand axe          ||   113
         Punch             ||     3
 Armour: Robe              ||     3
         Ring mail         ||    44
  Dodge: Dodged            ||    60
